 Dungeon Crawl Stone Soup version 0.29.1-15-g9cfb28693d (webtiles) character file.

Game seed: 12532593428850309412

677 Smoke131 the Trooper (level 7, -1/74 HPs)
             Began as an Ogre Gladiator on Feb 28, 2023.
             Was an Initiate of Okawaru.
             Slain by a black bear (4 damage)
             ... on level 4 of the Dungeon.
             The game lasted 00:13:42 (6393 turns).

Smoke131 the Trooper (Ogre Gladiator)               Turns: 6393, Time: 00:13:42

Health: -1/74      AC:  3    Str: 21    XL:     7   Next: 60%
Magic:  7/7        EV: 25    Int:  9    God:    Okawaru [......]
Gold:   256        SH:  0    Dex: 10    Spells: 6/6 levels left

rFire   . . .      SeeInvis .   a - +0 war axe
rCold   . . .      Faith    .   (no shield)
rNeg    . . .      Spirit   .   b - +0 robe
rPois   .          Reflect  .   c - +0 hat
rElec   .          Harm     .   (no cloak)
rCorr   .          Rampage  .   (gloves unavailable)
Will    .....                   (boots unavailable)
Stlth   +.........              p - amulet of the acrobat
HPRegen 0.22/turn               (no ring)
MPRegen 0.10/turn               (no ring)

@: acrobatic, invisible
A: large, unfitting armour, tough skin 1
a: Renounce Religion


You were on level 4 of the Dungeon.
You worshipped Okawaru.
Okawaru was noncommittal.
You visited 2 branches of the dungeon, and saw 5 of its levels.
You also visited: Sewer.

You collected 256 gold pieces.

Inventory:

Hand Weapons
 a - a +0 war axe (weapon)
Missiles
 d - 3 throwing nets (quivered)
 g - 52 stones
 k - 3 boomerangs
 n - 11 poisoned darts
Armour
 b - a +0 robe (worn)
 c - a +0 hat (worn)
 z - a +0 tower shield
Jewellery
 p - an amulet of the acrobat (around neck)
 r - an amulet of magic regeneration
Scrolls
 i - a scroll of enchant armour {unknown}
 l - 2 scrolls of teleportation
 q - a scroll of vulnerability {unknown}
Potions
 f - 2 potions of mutation
 h - a potion of flight
 j - a potion of might {unknown}
 m - a potion of degeneration {unknown}
 o - 2 potions of lignification
 u - a potion of heal wounds {unknown}
 v - a potion of invisibility
 x - a potion of magic {unknown}
 B - 2 potions of curing


   Skills:
 + Level 5.9 Fighting
 + Level 4.9 Axes
 + Level 4.3 Throwing
 + Level 3.0 Armour
 - Level 3.0 Dodging


You had 6 spell levels left.
You didn't know any spells.
Your spell library contained the following spells:

 Spells                   Type           Power      Damage    Failure   Level
 Magic Dart               Conj           0%         1d3       38%         1
 Mephitic Cloud           Conj/Pois/Air  0%         N/A       77%         3
 Call Imp                 Summ           Unusable   N/A       N/A         2

Dungeon Overview and Level Annotations

Branches:
Dungeon (4/15)             Temple (1/1) D:4           Sewer (visited)

Altars:
Ashenzari
Cheibriados
Dithmenos
Elyvilon
Gozag
Hepliaklqana
Makhleb
Nemelex Xobeh
Okawaru
Qazlal
Ru
Vehumet
Wu Jian
Xom
Yredelemnul
The Shining One


Innate Abilities, Weirdness & Mutations

You are too large for most types of armour.
You have tough skin. (AC +1)


Message History

The black bear bites you! The black bear barely misses you.
The black bear claws you. The black bear barely misses you.
The black bear claws you. x2
You barely miss the black bear.
The black bear is almost dead.
The black bear barely misses you. The black bear closely misses you.
The black bear claws you. The black bear bites you! The black bear claws you.
* * * LOW HITPOINT WARNING * * *
The black bear claws you.
* * * LOW HITPOINT WARNING * * *
You completely miss the black bear.
The black bear is almost dead.
The black bear bites you.
* * * LOW HITPOINT WARNING * * *
The black bear claws you but does no damage.
The black bear barely misses you. x2; The black bear claws you.
* * * LOW HITPOINT WARNING * * *
The black bear barely misses you.
It was a potion of invisibility.
You fade into invisibility!
The black bear bites you.
* * * LOW HITPOINT WARNING * * *
The black bear claws you.
* * * LOW HITPOINT WARNING * * *
The black bear claws you but does no damage.
The black bear rages.
The black bear misses you.
The black bear completely misses you. x2
The black bear closely misses you. The black bear completely misses you.
The black bear misses you.
The black bear rages.
The black bear completely misses you. The black bear misses you.
The black bear closely misses you.
The black bear rages.
The black bear closely misses you. The black bear completely misses you.
The black bear barely misses you.
The black bear rages.
The black bear misses you. The black bear claws you.
* * * LOW HITPOINT WARNING * * *
The black bear claws you.
You die...

##......##.#...####
).............###.###
.#..####......###...##
##...#.#####.........#
.......#####........##
..........##........#
...........#.....#.##
.#.........#.....###
.##.............@#
.##.##..........h#
#....######......# ##
##.....# ##......#..#
...#..####(.^.......#
.###..#.#....#.....##
..##)..(.........###
.###.#######..##..#
..##.# ### #.##.###


You could see a black bear (berserk, unable to see you).

Vanquished Creatures
  Menkaure (D:4)
  A black bear (D:3)
  A kobold brigand (Sewer)
  An iron imp (D:3)
  An orc priest (D:4)
  3 orc wizards
  Robin (D:3)
  9 adders
  4 river rats
  4 worms (D:3)
  5 orcs
  11 ball pythons
  6 endoplasms
  4 giant cockroaches
  17 goblins
  11 hobgoblins
  21 kobolds
  3 quokkas
  6 bats
  4 frilled lizards
  27 rats
141 creatures vanquished.

Vanquished Creatures (others)
  2 demonic plants (D:1)
2 creatures vanquished.

Grand Total: 143 creatures vanquished

Notes
Turn   | Place    | Note
-------+----------+-------------------------------------------
     0 | D:1      | Smoke131 the Ogre Gladiator began the quest for the Orb.
     0 | D:1      | Reached XP level 1. HP: 22/22 MP: 1/1
   279 | D:1      | Reached XP level 2. HP: 26/29 MP: 2/2
   336 | D:1      | Found a faded altar of an unknown god.
   368 | D:1      | Reached skill level 3 in Fighting
   445 | D:1      | You fall into a shaft and drop 1 floor!
   919 | D:1      | Reached XP level 3. HP: 35/37 MP: 3/3
  1834 | D:2      | Reached skill level 1 in Armour
  2003 | D:2      | Identified the +7 sling of the Sybil {freeze, rPois Int+3}
  2273 | D:3      | Reached XP level 4. HP: 42/45 MP: 4/4
  2315 | D:3      | Identified the +7 spear of Bread {freeze, Int+4}
  2652 | D:3      | Found a glowing drain.
  2684 | Sewer    | Entered a sewer
  2947 | Sewer    | Reached skill level 4 in Fighting
  3034 | Sewer    | Reached XP level 5. HP: 54/54 MP: 5/5
  3479 | Sewer    | Noticed a kobold brigand
  3491 | Sewer    | Killed a kobold brigand
  3492 | Sewer    | Reached XP level 6. HP: 12/63 MP: 6/6
  3978 | D:3      | Found a snail-covered altar of Cheibriados.
  4083 | D:3      | Found a hazy altar of Hepliaklqana.
  4083 | D:3      | Found a shadowy altar of Dithmenos.
  4085 | D:3      | Noticed a shadow
  4569 | D:4      | Noticed a black bear
  4821 | D:4      | Noticed Robin
  4822 | D:4      | Noticed a black bear
  4834 | D:3      | Killed Robin
  4835 | D:3      | Reached skill level 5 in Fighting
  4992 | D:3      | Killed a black bear
  5206 | D:4      | Reached XP level 7. HP: 67/72 MP: 7/7
  5500 | D:4      | Found a staircase to the Ecumenical Temple.
  5508 | Temple   | Entered the Ecumenical Temple
  5553 | Temple   | Became a worshipper of Warmaster Okawaru
  5918 | D:4      | Noticed Menkaure
  5919 | D:4      | Killed Menkaure
  6244 | D:4      | Found an ornate altar of the Wu Jian Council.
  6384 | D:4      | HP: 2/74 [black bear (6)]
  6393 | D:4      | HP: 3/74 [black bear (1)]
  6393 | D:4      | Slain by a black bear

Illustrated notes

Levels and vault maps discovered:
D:1:      tarquinn_simple_flora_water_a, layout_basic,
          shapermc_ecumenical_altar_gd, hangedman_glass_teeth,
          kennysheep_crisscross
D:2:      layout_basic
D:3:      minmay_spotlight, layout_basic, riverfiend_overflow_shadow_ancestor,
          slow_altar_1, cheibrodos_sewer_entry_sluice
D:4:      layout_cave_pools, lemuel_doored_altar,
          minmay_temple_entry_large_hall, uniq_menkaure, uniq_robin
Temple:   minmay_temple_bridge_abc

Skill      XL: |  1  2  3  4  5  6  7 |
---------------+----------------------+-----
Fighting       | 3 4 5 |  5.9
Dodging        | 3 |  3.0
Armour         | 1 2 3 |  3.0
Throwing       | 3 4 |  4.3
Axes           | 4 |  4.9

Action                   |  1- 3 |  4- 6 |  7- 9 || total
-------------------------+-------+-------+-------++-------
Melee: War axe           |   101 |   185 |    73 ||   359
       Punch             |       |     1 |       ||     1
Throw: Boomerang         |     3 |       |       ||     3
       Large rock        |       |     4 |     5 ||     9
  Use: Scroll            |       |    12 |       ||    12
       Potion            |       |     1 |     1 ||     2
 Stab: Sleeping          |     1 |     1 |       ||     2
Armor: Robe              |    34 |    61 |    15 ||   110
Dodge: Dodged            |    65 |   146 |    69 ||   280
